 Dungeon Crawl Stone Soup version 0.20.1-1-g8b1a95d (webtiles) character file.

10028 mutilus the Ducker (level 11, 0/72 HPs)
             Began as an Octopode Wizard on July 7, 2017.
             Was an Elder of Vehumet.
             Succumbed to a spiny frog's poison
             ... on level 1 of the Lair of Beasts.
             The game lasted 01:12:08 (17457 turns).

mutilus the Ducker (Octopode Wizard)               Turns: 17457, Time: 01:12:09

Health: 0/72       AC:  2    Str:  7    XL:     11   Next: 55%
Magic:  10/27      EV: 16    Int: 23    God:    Vehumet [****..]
Gold:   642        SH:  4    Dex: 11    Spells: 2/20 levels left

rFire    . . .     SeeInvis .   s - +1 trident (venom)
rCold    . . .     Gourm    .   w - +0 buckler
rNeg     . . .     Faith    +   a - +1 hat
rPois    .         Spirit   .   E - amulet of faith
rElec    .         Reflect  .   k - ring of flight
rCorr    .         Harm     .   x - ring of magical power
MR       .....                  (no ring)
Stlth    ++++......             (no ring)
Regen    0.3/turn               (no ring)
MPRegen  0.2/turn               (no ring)
                                (no ring)
                                (no ring)

@: lethally poisoned (0 -> -7), very slightly contaminated
A: almost no armour, stealthy swim, amphibious, 8 rings, constrict 8, camouflage
1, gelatinous body 1
a: Renounce Religion, Evoke Flight


You were on level 1 of the Lair of Beasts.
You worshipped Vehumet.
Vehumet was greatly pleased with you.
You were not hungry.

You visited 3 branches of the dungeon, and saw 14 of its levels.

You collected 642 gold pieces.

Inventory:

Hand Weapons
 d - a +0 blowgun
 g - a cursed -3 blowgun
 j - a +0 club
 o - a +0 falchion
 s - a +1 trident of venom (weapon)
 I - a cursed +2 halberd of freezing
Missiles
 l - 162 stones (quivered)
 n - 96 poisoned needles
 u - 2 throwing nets
Armour
 a - a +1 hat (worn)
 w - a +0 buckler (worn)
Magical Staves
 F - an uncursed staff of air
 L - an uncursed staff of death
Jewellery
 f - an uncursed amulet of rage
 k - a ring of flight (left tentacle)
 q - an uncursed ring of fire
 x - a ring of magical power (right tentacle)
 E - an amulet of faith (around mantle)
 O - an uncursed ring of ice
Wands
 r - a wand of acid (7/15)
 y - a wand of clouds (6/9)
Scrolls
 e - a scroll of amnesia
 h - 2 scrolls of enchant weapon
 m - 2 scrolls of recharging
 G - 2 scrolls of brand weapon
 M - 2 scrolls of remove curse
 P - a scroll of noise
 Q - a scroll of immolation
Potions
 i - a potion of mutation
 z - a potion of cancellation
 A - a potion of flight
 D - a potion of ambrosia
Books
 b - a book of Minor Magic

   Spells                             Type                      Level
   a - Magic Dart                     Conjuration                  1
   b - Blink                          Translocation                2
   c - Call Imp                       Summoning                    2
   d - Slow                           Hexes                        2
   e - Conjure Flame                  Conjuration/Fire             3
   f - Mephitic Cloud                 Conjuration/Poison/Air       3
Comestibles
 c - 5 bread rations
 p - 6 meat rations
 B - 5 fruits
 J - 2 royal jellies


   Skills:
 - Level 5.8 Fighting
 - Level 6.2 Polearms
 + Level 7.6 Dodging
 - Level 5.0 Stealth
 + Level 4.2 Shields
 - Level 5.2 Spellcasting
 - Level 7.2 Conjurations
 + Level 6.9 Summonings
 - Level 1.0 Translocations
 - Level 5.4 Fire Magic
 - Level 3.3 Poison Magic


You had 2 spell levels left.
You knew the following spells:

 Your Spells              Type           Power        Failure   Level  Hunger
a - Magic Dart            Conj           ####         1%          1    None
b - Blink                 Tloc           N/A          10%         2    None
c - Call Imp              Summ           #####...     1%          2    None
d - Slow                  Hex            #.......     14%         2    None
e - Mephitic Cloud        Conj/Pois/Air  ###.....     1%          3    ##.....
f - Conjure Flame         Conj/Fire      #####...     1%          3    ##.....
g - Sandblast             Erth           #.....       2%          1    None
h - Flame Tongue          Conj/Fire      #####        1%          1    None
i - Ignite Poison         Fire/Tmut/Pois ###.....     2%          3    ##.....


Dungeon Overview and Level Annotations

Branches:
Dungeon (12/15)            Temple (1/1) D:4            Lair (1/6) D:9
    Orc: D:9-12

Altars:
Ashenzari
Cheibriados
Dithmenos
Elyvilon
Fedhas
Gozag
Hepliaklqana
Kikubaaqudgha
Makhleb
Nemelex Xobeh
Okawaru
Qazlal
Ru
Sif Muna
Trog
Uskayaw
Vehumet
Xom
Yredelemnul
Zin
Beogh

Shops:
D:5 %   D:7 }

Annotations:
D:8 Ang168's ghost, novice HOFi
Lair:1 exclusion: oklob plant


Innate Abilities, Weirdness & Mutations

You cannot wear most types of armour.
You are very stealthy in the water. (Stealth+)
You are amphibious.
You can wear up to eight rings at the same time.
You can use your tentacles to constrict eight enemies at once.
Your skin changes colour to match your surroundings (Stealth+).
Your rubbery body absorbs attacks. (AC +1, EV +1)


Message History

You feel sick. The spiny frog misses you.
Casting: Blink
Confirm with . or Enter, or press ? or * to list all spells.
You blink.
You feel sick.
Okay, then.
Unknown command.
Okay, then.
Unknown command.
You feel sick. The wolf bites you!
* * * LOW HITPOINT WARNING * * *
The wolf barely misses you.
Okay, then.
* * * LOW HITPOINT WARNING * * *
You feel sick.
* * * LOW HITPOINT WARNING * * *
You feel sick. The wolf misses you.
You hear the loud crackling of a distant melting archway.
* * * LOW HITPOINT WARNING * * *
You feel sick. The wolf closely misses you.
You die...

........#....#.# #.
........#..[...# #Y
........#....#.# #.
........#....#..# ##r
P.#.#...#.#.##.## #..
....#..........########.
....#..####.##.P.#P.###.
#...........#..........
#..@.....#..........
#..#.....#..........
#..#hF...#..........
....#.....+.#P#.≈Y...
.....#...Y.#.###.≈≈...
#..(...#....r..##≈≈≈≈≈..
....##.#.....#.##≈≈.≈...
..#. +.#....Y#..###≈r.#.
######..####≈.#..


You could see 2 yaks, a spiny frog, a wolf and a porcupine.

Vanquished Creatures
  5 two-headed ogres
  The ghost of mutilus the Cudgeler, a novice HOWn (D:6)
  A centaur skeleton (D:8)
  A rime drake (Lair:1)
  2 trolls (D:9)
  Grinder (D:5)
  3 hippogriffs
  A wyvern (D:11)
  2 yaks (Lair:1)
  The ghost of Frqise the Skirmisher, an amateur HOMo of Xom (D:3)
  2 water moccasins
  A sky beast (D:9)
  2 orc warriors
  3 ice beasts
  A black bear (Lair:1)
  2 phantoms
  A centaur (D:7)
  2 ogres
  7 wolves
  2 big kobolds
  4 bullfrogs
  A wyvern zombie (D:9)
  A scorpion (D:8)
  2 howler monkeys
  3 wights (D:9)
  3 electric eels (D:9)
  3 crimson imps
  A jelly (D:9)
  A bullfrog zombie (D:5)
  5 hounds
  6 orc priests
  2 orc wizards
  An iguana (D:7)
  2 worker ants
  2 worker ant zombies (D:7)
  9 gnolls
  11 adders
  3 shadow imps
  2 oozes
  An adder zombie (D:5)
  2 worms
  2 leopard geckos
  29 orcs
  7 bats
  4 giant cockroaches
  8 goblins
  9 hobgoblins
  22 jackals
  7 quokkas
  5 ball pythons
  6 frilled lizards
  21 kobolds
  A quokka skeleton (D:6)
  6 rats
233 creatures vanquished.

Vanquished Creatures (collateral kills)
  A hippogriff (D:9)
  Sigmund (D:3)
  A hungry ghost (D:7)
  An orc warrior (D:9)
  A sky beast (D:7)
  3 ogres (D:9)
  A centaur (D:7)
  3 wolves (Lair:1)
  A crocodile (Lair:1)
  A big kobold (D:8)
  2 hounds (D:9)
  2 orc wizards (D:7)
  A worker ant zombie (D:7)
  6 gnolls
  A worm (D:3)
  4 orcs
  A giant cockroach (D:3)
  A jackal (D:6)
  A jackal skeleton (D:5)
  2 kobolds (D:8)
35 creatures vanquished.

Vanquished Creatures (others)
  An ogre (D:8)
  An orc zombie (D:8)
  2 fungi (Lair:1)
  A plant (Lair:1)
5 creatures vanquished.

Grand Total: 273 creatures vanquished

Notes
Turn   | Place    | Note
-------+----------+-------------------------------------------
     0 | D:1      | mutilus the Octopode Wizard began the quest for the Orb.
     0 | D:1      | Reached XP level 1. HP: 11/11 MP: 4/4
   177 | D:1      | Reached XP level 2. HP: 17/17 MP: 3/6
   288 | D:1      | Learned a level 2 spell: Blink
   291 | D:1      | Learned a level 2 spell: Call Imp
   377 | D:1      | Learned a level 2 spell: Slow
   676 | D:1      | Reached XP level 3. HP: 21/21 MP: 3/7
  1234 | D:2      | Found an ancient bone altar of Kikubaaqudgha.
  1907 | D:2      | Reached XP level 4. HP: 27/27 MP: 1/8
  2725 | D:3      | Noticed Frqise's ghost (amateur HOMo)
  2811 | D:3      | Noticed Sigmund
  3542 | D:4      | Found a staircase to the Ecumenical Temple.
  3556 | D:4      | Noticed an ogre
  3576 | D:5      | Entered Level 5 of the Dungeon
  3669 | D:5      | Reached XP level 5. HP: 30/31 MP: 2/10
  3741 | D:5      | Learned a level 3 spell: Mephitic Cloud
  3758 | D:5      | Noticed an ice beast
  3799 | D:5      | Found a shadowy altar of Dithmenos.
  4476 | D:5      | Noticed Grinder
  4599 | D:4      | Reached XP level 6. HP: 2/36 MP: 0/11
  4938 | Temple   | Entered the Ecumenical Temple
  5076 | Temple   | Became a worshipper of Vehumet
  5104 | D:4      | Noticed a phantom
  5131 | D:4      | Killed a phantom
  5131 | D:4      | Reached skill level 5 in Conjurations
  5633 | D:4      | Found a shattered altar of Ashenzari.
  5926 | D:5      | Reached skill level 5 in Stealth
  5926 | D:5      | Reached XP level 7. HP: 41/41 MP: 1/13
  5931 | D:5      | Learned a level 3 spell: Conjure Flame
  6550 | D:6      | Noticed mutilus's ghost (novice HOWn)
  6884 | D:5      | Paralysed by Grinder for 2 turns
  6919 | D:5      | Killed Grinder
  7245 | D:5      | Found Tuepouqy's Food Shoppe.
  7269 | D:5      | Reached skill level 5 in Spellcasting
  7269 | D:5      | Reached XP level 8. HP: 46/46 MP: 1/15
  8235 | D:6      | You fall through a shaft for 3 floors!
  8359 | D:8      | Noticed a two-headed ogre
  8359 | D:8      | Noticed a hippogriff
  8406 | D:9      | Noticed a two-headed ogre
  8426 | D:9      | Killed a two-headed ogre
  8603 | D:9      | Reached * piety under Vehumet
  8603 | D:9      | Offered knowledge of Sandblast by Vehumet.
  8617 | D:9      | Learned a level 1 spell: Sandblast
  8663 | D:9      | Reached skill level 1 in Polearms
  8663 | D:9      | Reached XP level 9. HP: 40/51 MP: 1/16
  9714 | D:7      | Found an opulent altar of Gozag.
  9720 | D:7      | Found Xeotzafe's Gadget Shoppe.
  9866 | D:6      | Killed mutilus's ghost
  9866 | D:6      | Reached skill level 5 in Polearms
 10107 | D:5      | Reached skill level 1 in Poison Magic
 10365 | D:3      | Killed Sigmund
 10427 | D:3      | Killed Frqise's ghost
 10594 | D:3      | Offered knowledge of Flame Tongue by Vehumet.
 10601 | D:3      | Learned a level 1 spell: Flame Tongue
 10641 | D:6      | Reached ** piety under Vehumet
 10728 | D:7      | Reached skill level 1 in Fire Magic
 12232 | D:7      | Offered knowledge of Ignite Poison by Vehumet.
 12237 | D:7      | Learned a level 3 spell: Ignite Poison
 12298 | D:7      | Reached XP level 10. HP: 56/56 MP: 15/17
 12561 | D:8      | Noticed a two-headed ogre
 12578 | D:8      | Reached skill level 5 in Fire Magic
 12640 | D:8      | Killed a two-headed ogre
 12744 | D:8      | Noticed Ang168's ghost (novice HOFi)
 12944 | D:9      | Reached *** piety under Vehumet
 13500 | D:9      | Found a roughly hewn altar of Beogh.
 13738 | D:9      | Found a staircase to the Lair.
 14056 | D:9      | Offered knowledge of Force Lance by Vehumet.
 14550 | D:9      | Reached skill level 5 in Dodging
 14718 | D:9      | Found a hazy altar of Hepliaklqana.
 14932 | D:10     | Entered Level 10 of the Dungeon
 15040 | D:10     | You fall through a shaft for 2 floors!
 15257 | D:12     | Noticed a manticore
 15287 | D:11     | Reached skill level 5 in Fighting
 15297 | D:11     | Reached **** piety under Vehumet
 15322 | D:11     | Noticed a two-headed ogre
 15334 | D:11     | Killed a two-headed ogre
 15334 | D:11     | Reached XP level 11. HP: 70/72 MP: 18/18
 15596 | D:10     | Offered knowledge of Lightning Bolt by Vehumet.
 15854 | D:10     | Noticed a two-headed ogre
 15870 | D:10     | Killed a two-headed ogre
 16530 | D:10     | Noticed a two-headed ogre
 16559 | D:10     | Killed a two-headed ogre
 16772 | D:11     | Noticed a death knight
 16848 | Lair:1   | Entered Level 1 of the Lair of Beasts
 16874 | Lair:1   | Noticed an oklob plant
 17454 | Lair:1   | HP: 2/72 [poisoned by a spiny frog]
 17457 | Lair:1   | Succumbed to a spiny frog's poison

Skill      XL: |  1  2  3  4  5  6  7  8  9 10 11 |
---------------+----------------------------------+-----
Conjurations   | 2 3 4 5 6 7 |  7.2
Stealth        | 3 4 5 |  5.0
Spellcasting   | 4 5 |  5.2
Summonings     | 6 |  6.9
Polearms       | 1 6 |  6.2
Poison Magic   | 3 |  3.3
Fire Magic     | 4 5 |  5.4
Fighting       | 5 |  5.8
Dodging        | 6 7 |  7.6
Shields        | 4 |  4.2
Translocations | |  1.0

Action                   |  1- 3 |  4- 6 |  7- 9 | 10-12 || total
-------------------------+-------+-------+-------+-------++-------
Melee: Unarmed           |    20 |    17 |       |       ||    37
       Constrict         |     5 |    10 |    13 |    16 ||    44
       Tentacles         |     3 |     4 |     7 |    13 ||    27
       Trident           |       |    30 |    95 |   151 ||   276
Throw: Stone             |     1 |     4 |       |     1 ||     6
 Cast: Magic Dart        |    61 |   128 |   254 |   225 ||   668
       Blink             |     1 |     7 |    17 |    43 ||    68
       Call Imp          |       |    11 |    85 |    23 ||   119
       Conjure Flame     |       |       |    33 |    36 ||    69
       Mephitic Cloud    |       |       |     7 |    26 ||    33
       Ignite Poison     |       |       |       |     5 ||     5
 Abil: Evoke Berserk Rag |     1 |       |       |       ||     1
Evoke: Wand              |       |     1 |     4 |     1 ||     6
  Use: Scroll            |     1 |     9 |     8 |    13 ||    31
       Potion            |     3 |     1 |     3 |     5 ||    12
 Stab: Distracted        |       |       |     3 |     1 ||     4
       Sleeping          |       |       |     1 |     1 ||     2
       Confused          |       |       |       |     4 ||     4
  Eat: Chunk             |     4 |     2 |     4 |     5 ||    15
       Bread ration      |       |     2 |     3 |     3 ||     8
       Meat ration       |       |     1 |       |       ||     1
Armor: Skin              |     3 |     7 |     5 |    10 ||    25
Dodge: Dodged            |    24 |    60 |    73 |   130 ||   287
Block: Buckler           |       |       |    16 |    23 ||    39
